 Dungeon Crawl Stone Soup version 0.30-a0-341-g682706514a (webtiles) character file.

Game seed: 16260216681757496293

32 retardedninja the Trooper (level 3, 0/33 HPs)
             Began as a Hill Orc Fighter on Nov 3, 2022.
             Killed from afar by Sigmund (3 damage)
             ... with a magic dart
             ... on level 2 of the Dungeon.
             The game lasted 00:01:52 (1135 turns).

retardedninja the Trooper (Hill Orc Fighter)        Turns: 1135, Time: 00:01:53

Health: 0/33       AC:  8    Str: 26    XL:     3   Next: 27%
Magic:  3/3        EV:  9    Int:  8    God:
Gold:   72         SH:  0    Dex: 10    Spells: 2/2 levels left

rFire   . . .      SeeInvis .    a - +0 war axe
rCold   . . .      Faith    .    c - +0 buckler
rNeg    . . .      Spirit   .    b - +0 scale mail
rPois   .          Reflect  .    (no helmet)
rElec   .          Harm     .    l - scarf {repulsion}
rCorr   .          Rampage  .    m - +0 pair of gloves
Will    .....                    (no boots)
Stlth   ..........               (no amulet)
HPRegen 0.25/turn                k - +6 ring of strength
MPRegen 0.08/turn                (no ring)

@: confused, mighty, brilliant, attractive, repel missiles
A: no striking features
a: no special abilities


You were on level 2 of the Dungeon.
You visited 1 branch of the dungeon, and saw 2 of its levels.

You collected 72 gold pieces.

Inventory:

Hand Weapons
 a - a +0 war axe (weapon)
Armour
 b - a +0 scale mail (worn)
 c - a +0 buckler (worn)
 l - a scarf of repulsion (worn)
 m - a +0 pair of gloves (worn)
Jewellery
 k - a +6 ring of strength (left hand)
Wands
 p - a wand of flame (10)
Scrolls
 e - a scroll of teleportation {unknown}
 f - a scroll of noise {unknown}
 h - 2 scrolls of fear {unknown}
 i - 5 scrolls of identify {unknown}
 n - a scroll of amnesia {unknown}
 o - a scroll of butterflies {unknown}
Potions
 g - a potion of attraction
 j - a potion of curing {unknown}
 q - a potion of brilliance


   Skills:
 + Level 4.0 Fighting
 + Level 3.3 Axes
 + Level 3.6 Armour
 + Level 3.7 Shields


You had 2 spell levels left.
You didn't know any spells.
Your spell library was empty.

Dungeon Overview and Level Annotations

Branches:
Dungeon (2/15)

Altars:

Annotations:
D:2 Sigmund


Message History

You hear some strange, mumbled words.
A puff of flame appears from out of thin air!
The puff of flame misses you. Something is attracted toward you.
You feel very mighty all of a sudden. Something hits you!
You slash something! You slash something!
Something hits you but does no damage.
You closely miss something. Something hits you!
You miss something. Something completely misses you.
You hit something.
You hear some strange, mumbled words.
Something tries to affect you, but you resist.
You barely miss something.
You hear some strange, mumbled words.
Something tries to affect you, but you resist.
You hear some strange, mumbled words.
You are confused.
You bump into the rock wall.
You hear some strange, mumbled words.
A magic dart appears from out of thin air!
The magic dart hits you.
You bump into the rock wall.
You hear some strange, mumbled words.
A puff of flame appears from out of thin air!
The puff of flame is repelled.
You barely miss something. Something hits you.
You bump into the rock wall.
You hear some strange, mumbled words.
You are more confused.
You barely miss something.
You hear some strange, mumbled words.
A puff of flame appears from out of thin air!
The puff of flame hits you!
* * * LOW HITPOINT WARNING * * *
It was a potion of brilliance.
You feel clever all of a sudden.
You hear some strange, mumbled words.
A magic dart appears from out of thin air!
The magic dart hits you.
You die...

..................... ...........
.##.###.##.#.###.##.####.###..###
...<............................#
.##.###.##............##.###.....
#.# #.# #####.##...#..# #...##
... ... #........<..# #...## #.#
#.# #.#.##.##..## #..... ... ...
#.##.##..# #.#.## #.# #@##.##..#
#.).... ... #{##.##..# ##.#.##
#.##.##..# #.#.# #.##.##..# #.#.#
.........# #.#.. #.##.. ..## ...
###


There were no monsters in sight!

Vanquished Creatures
  A dart slug (D:1)
  5 bats
  3 endoplasms
  2 hobgoblins (D:2)
  5 ball pythons
  4 frilled lizards
  4 goblins (D:1)
  4 kobolds
  A rat (D:2)
29 creatures vanquished.

Notes
Turn   | Place    | Note
-------+----------+-------------------------------------------
     0 | D:1      | retardedninja the Hill Orc Fighter began the quest for the
                  | Orb.
     0 | D:1      | Reached XP level 1. HP: 19/19 MP: 1/1
   183 | D:1      | Reached XP level 2. HP: 26/27 MP: 2/2
   404 | D:1      | Found a faded altar of an unknown god.
   919 | D:2      | Reached skill level 4 in Fighting
   966 | D:2      | Reached XP level 3. HP: 31/33 MP: 3/3
  1118 | D:2      | Noticed Sigmund
  1135 | D:2      | Killed from afar by Sigmund

Illustrated notes

Levels and vault maps discovered:
D:1:      wheals_arrival_shading, layout_basic,
          shapermc_ecumenical_altar_mp_highgroup
D:2:      layout_basic, minmay_tetromino_l2, uniq_sigmund, uniq_natasha

Skill      XL: |  1  2 |
---------------+-------+-----
Axes           | 3 |  3.3
Fighting       | 4 |  4.0
Armour         | |  3.6
Shields        | |  3.7

Action                   || total
-------------------------++-------
Melee: War axe           ||    65
  Use: Potion            ||     3
Armor: Scale mail        ||    29
Dodge: Dodged            ||    19
       Repelled          ||     1
Block: Buckler           ||    11

Table legend: (Time is in decaauts)
 A = Elapsed time spent in this place.
 B = Non-inter-level travel time spent in this place.
 C = Inter-level travel time spent in this place.
 D = Time resting spent in this place.
 E = Time spent auto-exploring this place.
 F = Levels seen in this place.
 G = Mean time per level.
                   A        B        C        D        E       F      G
               +--------+--------+--------+--------+--------+-----+--------+
         Total |   1159 |   1115 |     44 |      0 |    889 |   2 |  579.5 |
       Dungeon |   1159 |   1115 |     44 |      0 |    889 |   2 |  579.5 |
               +--------+--------+--------+--------+--------+-----+--------+

Top non-repeatable levels by time:
     D:1: 914 daAuts
     D:2: 245 daAuts
